[Event "Hull 4NCL GM Congress 2019"]
[Site "Hull"]
[Date "2019.10.30"]
[Round "1.2"]
[White "Plat, Vojtech"]
[Black "Harvey, Marcus R"]
[Result "1/2-1/2"]
[ECO "B02"]
[WhiteElo "2573"]
[BlackElo "2405"]
[Annotator "ChessBase"]
[PlyCount "65"]
[EventDate "2019.10.30"]
[EventType "tourn"]
[EventCountry "ENG"]
[SourceTitle "playchess.com"]
[Source "ChessBase"]
[SourceQuality "1"]
[TimeControl "5400+30"]

1. b3 Nf6 2. Bb2 g6 3. e4 Bg7 4. e5 Nd5 5. c4 Nb6 6. d4 d6 7. exd6 exd6 8. Nf3 O-O 9. Be2 Bg4 10. O-O d5 11. c5 N6d7 12. Nc3 Nc6 13. Na4 Re8 14. h3 Bxf3 15. Bxf3 Nf6 16. a3 Ne4 17. Qd3 Qg5 18. Rad1 Rad8 19. b4 f5 20. b5 Na5 21. Bc1 Qh4 22. Nb2 b6 23. Qc2 g5 24. Rfe1 Bf6 25. Re2 Re7 26. Nd3 g4 27. hxg4 Bxd4 28. Bxe4 fxe4 29. Nf4 bxc5 30. Qa4 Nc4 31. Nxd5 Rxd5 32. Qxc4 Rf7 33. Qxd5 1/2-1/2

[Event "Hull 4NCL GM Congress 2019"]
[Site "Hull"]
[Date "2019.10.30"]
[Round "1.5"]
[White "Greet, Andrew N"]
[Black "Eggleston, David J"]
[Result "1-0"]
[ECO "B90"]
[WhiteElo "2414"]
[BlackElo "2394"]
[Annotator "ChessBase"]
[PlyCount "113"]
[EventDate "2019.10.30"]
[EventType "tourn"]
[EventCountry "ENG"]
[SourceTitle "playchess.com"]
[Source "ChessBase"]
[SourceQuality "1"]
[TimeControl "5400+30"]

1. e4 c5 2. Nf3 d6 3. d4 Nf6 4. Nc3 cxd4 5. Nxd4 a6 6. Rg1 Nc6 7. g4 Nxd4 8. Qxd4 e5 9. Qd1 Be6 10. g5 Nd7 11. Nd5 Nb6 12. c3 Nxd5 13. exd5 Bd7 14. Bd3 g6 15. h4 h5 16. Be3 Bg7 17. Qd2 O-O 18. Be4 b5 19. O-O-O a5 20. Kb1 Qc8 21. Rc1 Qa6 22. Qd3 Rfc8 23. f3 Rc4 24. Rc2 Rac8 25. Rgc1 Qb7 26. a3 Qa8 27. Bf2 Rb8 28. Ka1 Rc7 29. Kb1 Rcb7 30. c4 bxc4 31. Qxc4 Bb5 32. Qc3 Ba4 33. Rd2 Be8 34. Qe3 Rb3 35. Qa7 Qxa7 36. Bxa7 R8b7 37. Rc8 Kf8 38. Bc5 Ke7 39. Bxd6+ Kxd6 40. Rxe8 Rc7 41. Rg8 f5 42. gxf6 Bxf6 43. Rxg6 Rf7 44. Rc2 Rb6 45. Rh6 Kd7 46. Rc6 Rxc6 47. dxc6+ Kc7 48. Rxh5 Be7 49. Rxe5 Bxh4 50. Rxa5 Bf2 51. Rb5 Bb6 52. a4 Rf8 53. a5 Bd4 54. Rb7+ Kd6 55. Rd7+ Kc5 56. c7 Bf6 57. Bb7 1-0

[Event "Hull 4NCL GM Congress 2019"]
[Site "Hull"]
[Date "2019.10.31"]
[Round "2.1"]
[White "Merry, Alan B"]
[Black "Eggleston, David J"]
[Result "0-1"]
[ECO "A29"]
[WhiteElo "2426"]
[BlackElo "2394"]
[Annotator "NA"]
[PlyCount "96"]
[EventDate "2019.10.30"]
[EventType "tourn"]
[EventCountry "ENG"]
[SourceTitle "playchess.com"]
[Source "ChessBase"]
[SourceQuality "1"]
[TimeControl "5400+30"]

1. c4 e5 2. Nc3 Nc6 3. Nf3 Nf6 4. g3 d5 5. cxd5 Nxd5 6. Bg2 Nb6 7. O-O Be7 8. a3 O-O 9. b4 Re8 10. d3 Bf8 11. Bb2 a5 12. b5 Nd4 13. Nd2 a4 14. Rb1 c6 15. bxc6 Nxc6 16. Nc4 $15 Nxc4 17. dxc4 Nd4 18. e3 Nb3 19. Qc2 Qd2 20. Qe4 Nc5 21. Qd5 Qxd5 22. Bxd5 Bf5 23. e4 Bh3 24. Rfd1 Bg4 25. f3 Bxf3 26. Bxf7+ Kxf7 27. Rf1 Kg8 28. Rxf3 Rad8 29. Bc1 Rd4 30. Be3 Rxc4 31. Nd5 Nxe4 32. Rxb7 Bxa3 33. Nb6 Rb4 34. Rff7 Rb1+ 35. Kg2 Bf8 36. Nxa4 Ra1 37. Nc5 Nd6 38. Ra7 Re1 39. Kf2 Rh1 40. Rfd7 Rxh2+ 41. Kg1 Re2 42. Bf2 e4 43. Bd4 Nf5 44. Nb3 Rb8 45. Rab7 Rxb7 46. Rxb7 Nxg3 47. Rb8 Kf7 48. Nc5 Nf5 0-1

[Event "Hull 4NCL GM Congress 2019"]
[Site "Hull"]
[Date "2019.10.31"]
[Round "2.2"]
[White "Haria, Ravi"]
[Black "Greet, Andrew N"]
[Result "1/2-1/2"]
[ECO "C09"]
[WhiteElo "2463"]
[BlackElo "2414"]
[Annotator "ChessBase"]
[PlyCount "130"]
[EventDate "2019.10.30"]
[EventType "tourn"]
[EventCountry "ENG"]
[SourceTitle "playchess.com"]
[Source "ChessBase"]
[SourceQuality "1"]
[TimeControl "5400+30"]

1. e4 e6 2. d4 d5 3. Nd2 c5 4. Ngf3 Nc6 5. exd5 exd5 6. Bb5 Qe7+ 7. Be2 Nf6 8. O-O Qc7 9. Re1 cxd4 10. Nb3 Bb4 11. Bd2 Bxd2 12. Qxd2 O-O 13. Nfxd4 Bd7 14. Nxc6 Bxc6 15. c3 Rfe8 16. f3 Qb6+ 17. Qd4 Nd7 18. Bf1 Rxe1 19. Rxe1 Nf8 20. Rd1 Ne6 21. Qf2 Qxf2+ 22. Kxf2 Kf8 23. Nd4 Ke7 24. h4 h6 25. g3 Nxd4 26. Rxd4 g5 27. Bd3 Ke6 28. a3 a5 29. Bb1 Rd8 30. Ba2 Rd7 31. Ke3 f6 32. Bb1 Rg7 33. Kf2 Re7 34. Rd1 Kd6 35. Bd3 Re8 36. Rh1 Ke5 37. Re1+ Kd6 38. Rxe8 Bxe8 39. Ke3 Ke5 40. f4+ gxf4+ 41. gxf4+ Kd6 42. Kd4 b6 43. Be2 Ba4 44. b4 Bb3 45. Bg4 Bc4 46. Bf5 Bb3 47. Bd3 Ba2 48. Ke3 Bb3 49. Bf5 Kc6 50. Kd4 Kd6 51. Bb1 Kc6 52. Bg6 Kd6 53. Bf7 Bc4 54. Bg6 Bb3 55. Bd3 Ba2 56. Bc2 Bc4 57. Ke3 Bb5 58. Bb3 Bf1 59. Kd4 Bg2 60. Bc2 Bf3 61. Bd3 Bg2 62. Ba6 Bh3 63. Bb7 Be6 64. Ba8 Bf7 65. Bb7 Be6 1/2-1/2

[Event "Hull 4NCL GM Congress 2019"]
[Site "Hull"]
[Date "2019.10.31"]
[Round "2.3"]
[White "Gonda, Laszlo"]
[Black "Palliser, Richard J D"]
[Result "1/2-1/2"]
[ECO "E97"]
[WhiteElo "2541"]
[BlackElo "2413"]
[Annotator "ChessBase"]
[PlyCount "55"]
[EventDate "2019.10.30"]
[EventType "tourn"]
[EventCountry "ENG"]
[SourceTitle "playchess.com"]
[Source "ChessBase"]
[SourceQuality "1"]
[TimeControl "5400+30"]

1. d4 Nf6 2. c4 g6 3. Nc3 Bg7 4. e4 d6 5. Nf3 O-O 6. Be2 e5 7. O-O Nc6 8. Be3 Ng4 9. Bg5 f6 10. Bh4 g5 11. Bg3 Nh6 12. dxe5 fxe5 13. Nd5 Nf7 14. Rc1 Nd4 15. Nxd4 exd4 16. c5 c6 17. Nb4 dxc5 18. Rxc5 Qe7 19. Nd3 Qxe4 20. Re1 Qe6 21. Ne5 Qd6 22. Qc1 Nxe5 23. Rxe5 Qd8 24. Bc4+ Kh8 25. Rxg5 Bf5 26. Rxg7 Kxg7 27. Be5+ Kg6 28. Qf4 1/2-1/2

[Event "Hull 4NCL GM Congress 2019"]
[Site "Hull"]
[Date "2019.10.31"]
[Round "2.4"]
[White "Harvey, Marcus R"]
[Black "Roberson, Peter T"]
[Result "1/2-1/2"]
[ECO "E32"]
[WhiteElo "2405"]
[BlackElo "2437"]
[Annotator "NA"]
[PlyCount "81"]
[EventDate "2019.10.30"]
[EventType "tourn"]
[EventCountry "ENG"]
[SourceTitle "playchess.com"]
[Source "ChessBase"]
[SourceQuality "1"]
[TimeControl "5400+30"]

1. d4 Nf6 2. c4 e6 3. Nc3 Bb4 4. Qc2 O-O 5. e4 d5 6. e5 Ne4 7. Bd3 c5 8. Nf3 cxd4 9. Nxd4 Nd7 10. Bf4 Ndc5 11. O-O Bxc3 12. bxc3 Nxd3 13. Qxd3 b6 14. cxd5 Qxd5 15. c4 Nc5 16. Qxh7+ Kxh7 17. cxd5 exd5 18. Rfd1 Ne6 $11 19. Be3 Nxd4 20. Bxd4 Be6 21. Rac1 Rfc8 22. h3 Rc4 23. Rxc4 dxc4 24. Bc3 Rc8 25. g4 b5 26. a3 a5 27. Rc1 b4 28. axb4 axb4 29. Bxb4 g5 30. Rc3 Rd8 31. Bd6 Kg6 32. Kg2 f5 33. gxf5+ Kxf5 34. Rg3 Rd7 35. Kf3 Rb7 36. Ke3 Rb3+ 37. Kd4 Kg6 38. h4 Rd3+ 39. Rxd3 cxd3 40. h5+ Kxh5 41. Kxd3 1/2-1/2

[Event "Hull 4NCL GM Congress 2019"]
[Site "Hull"]
[Date "2019.10.31"]
[Round "2.5"]
[White "Turner, Matthew J"]
[Black "Plat, Vojtech"]
[Result "1-0"]
[ECO "B22"]
[WhiteElo "2519"]
[BlackElo "2573"]
[Annotator "ChessBase"]
[PlyCount "101"]
[EventDate "2019.10.30"]
[EventType "tourn"]
[EventCountry "ENG"]
[SourceTitle "playchess.com"]
[Source "ChessBase"]
[SourceQuality "1"]
[TimeControl "5400+30"]

1. e4 c5 2. c3 d5 3. exd5 Qxd5 4. d4 Nc6 5. Nf3 Bf5 6. Be3 cxd4 7. Nxd4 O-O-O 8. Nd2 Nxd4 9. Bxd4 Kb8 10. Qa4 b6 11. Bc4 Qd7 12. Qxd7 Rxd7 13. Bxf7 Nf6 14. Bb3 e5 15. Bxe5+ Bd6 16. Bxd6+ Rxd6 17. Nc4 Re8+ 18. Ne3 Bd3 19. Bd1 Nd5 20. Bf3 Nxe3 21. fxe3 Bc4 22. e4 g5 23. h3 h5 24. Rd1 Rxd1+ 25. Kxd1 Bxa2 26. Bxh5 Rxe4 27. Re1 Bb3+ 28. Kd2 Ra4 29. Bf3 Ra2 30. Re8+ Kc7 31. Kd3 Rxb2 32. Re7+ Kd6 33. Rxa7 b5 34. Rg7 Bc4+ 35. Ke3 Rc2 36. Rg6+ Ke5 37. Rxg5+ Kf6 38. Kf4 Rxc3 39. h4 b4 40. h5 Bd3 41. Rd5 Rc4+ 42. Ke3 Bf5 43. Rb5 Be6 44. Be4 b3 45. h6 Rc8 46. Kf4 Rh8 47. h7 Rf8 48. Rb7 Bf7 49. g4 Kg7 50. g5 Kh8 51. Ke3 1-0

[Event "Hull 4NCL GM Congress 2019"]
[Site "Hull"]
[Date "2019.11.01"]
[Round "4.1"]
[White "Merry, Alan B"]
[Black "Haria, Ravi"]
[Result "1/2-1/2"]
[ECO "A84"]
[WhiteElo "2426"]
[BlackElo "2463"]
[Annotator "ChessBase"]
[PlyCount "65"]
[EventDate "2019.10.30"]
[EventType "tourn"]
[EventCountry "ENG"]
[SourceTitle "playchess.com"]
[Source "ChessBase"]
[SourceQuality "1"]
[TimeControl "5400+30"]

1. c4 e6 2. Nc3 d5 3. d4 c6 4. e3 f5 5. f4 Qh4+ 6. g3 Qd8 7. Nf3 Nf6 8. Bd3 Be7 9. O-O O-O 10. b3 Ne4 11. Bb2 Nd7 12. Qe2 b6 13. cxd5 cxd5 14. Rac1 a6 15. Rc2 Bb7 16. Rfc1 Bd6 17. Ne5 b5 18. a4 b4 19. Nb1 a5 20. Nd2 Nxd2 21. Qxd2 Nf6 22. Bb5 Qe7 23. Bc6 Ne4 24. Qd1 Rfc8 25. Qd3 Bxe5 26. dxe5 Rab8 27. Bd4 Bxc6 28. Rxc6 Qd7 29. Qa6 Rxc6 30. Rxc6 Nd2 31. Rxe6 Nxb3 32. Rd6 Qc7 33. Rc6 1/2-1/2

[Event "Hull 4NCL GM Congress 2019"]
[Site "Hull"]
[Date "2019.11.01"]
[Round "4.2"]
[White "Gonda, Laszlo"]
[Black "Eggleston, David J"]
[Result "1/2-1/2"]
[ECO "E05"]
[WhiteElo "2541"]
[BlackElo "2394"]
[Annotator "ChessBase"]
[PlyCount "41"]
[EventDate "2019.10.30"]
[EventType "tourn"]
[EventCountry "ENG"]
[SourceTitle "playchess.com"]
[Source "ChessBase"]
[SourceQuality "1"]
[TimeControl "5400+30"]

1. Nf3 Nf6 2. g3 e6 3. Bg2 d5 4. O-O Be7 5. c4 O-O 6. d4 dxc4 7. Qc2 a6 8. a4 Bd7 9. Qxc4 Bc6 10. Bg5 Bd5 11. Qd3 Be4 12. Qe3 Nbd7 13. Nc3 Bc6 14. Qd3 h6 15. Bxf6 Bxf6 16. b4 Bxf3 17. Bxf3 c6 18. Ne4 Be7 19. Rab1 a5 20. bxa5 Qc7 21. Nd2 1/2-1/2

[Event "Hull 4NCL GM Congress 2019"]
[Site "Hull"]
[Date "2019.11.01"]
[Round "4.3"]
[White "Harvey, Marcus R"]
[Black "Greet, Andrew N"]
[Result "1-0"]
[ECO "C07"]
[WhiteElo "2405"]
[BlackElo "2414"]
[Annotator "NA"]
[PlyCount "167"]
[EventDate "2019.10.30"]
[EventType "tourn"]
[EventCountry "ENG"]
[SourceTitle "playchess.com"]
[Source "ChessBase"]
[SourceQuality "1"]
[TimeControl "5400+30"]

1. e4 e6 2. d4 d5 3. Nd2 c5 4. Ngf3 cxd4 5. Nxd4 Nc6 6. Bb5 Bd7 7. Nxc6 bxc6 8. Bd3 Bd6 {[%emt 0:00:23] C07: French Tarrasch: 3...c5, 4 Ngf3 and 4 exd5 Qxd5} (8... Qc7 9. Qe2 Ne7 10. Nf3 Ng6 11. e5 c5 12. c4 dxc4 13. Bxc4 Be7 14. h4 Bc6 15. h5 Nf8 16. h6 g6 {1-0 (33) Navara,D (2734)-Vitiugov,N (2727) Riga 2019}) 9. Qe2 Ne7 10. Nf3 Ng6 11. e5 Bc7 12. O-O f6 13. Bxg6+ hxg6 14. Re1 Kf7 $146 ({Predecessor:} 14... Rb8 15. c4 Rh5 16. Bf4 {½-½ (54) Melamed,T (2318)-Giemsa,S (2261) Berlin 2016}) 15. b3 Rh5 (15... g5 $5 16. h3 Qg8 $11) 16. Bb2 Qh8 17. Qa6 g5 18. Qb7 (18. g4 $1 $11 Rh6 19. Bd4) 18... Qb8 19. Qxb8 Rxb8 20. h3 $17 c5 21. Ba3 Bb6 22. c4 dxc4 23. bxc4 Bc6 24. Nd2 Rh4 25. Nb3 g4 26. Re3 gxh3 27. Rxh3 Rxh3 28. gxh3 Rh8 29. Kf1 Rxh3 30. Ke2 Rh5 31. exf6 gxf6 32. Rd1 Re5+ 33. Kd2 Rf5 34. Ke3 Re5+ 35. Kd2 Ke7 36. Rg1 Kd6 37. Rg3 Rf5 38. Rd3+ Kc7 39. Ke2 Be8 40. Re3 Bh5+ 41. Ke1 Bf7 42. Rg3 Kc6 43. Rg7 Bh5 44. Bc1 Bf3 45. Be3 Rh5 46. Rg6 Rf5 47. Kd2 Be4 48. Rg4 Bb1 49. Kc3 Bxa2 50. Nc1 Ba5+ 51. Kb2 Bxc4 52. Rxc4 Bb4 53. Kb3 a5 54. Ne2 e5 55. Ng3 Rf3 56. Ne4 Kd5 57. Nc3+ Kd6 58. Rh4 f5 59. Rh6+ Kd7 60. Ne2 f4 61. Ng1 fxe3 62. Nxf3 e2 63. Nxe5+ Ke7 64. Nf3 e1=Q 65. Nxe1 Bxe1 66. f3 Bd2 67. Rc6 Bb4 68. Ra6 Kf7 69. Kc4 Ke7 70. Kd5 Kf7 71. Kc4 Ke7 72. Kb3 Kf7 73. Rc6 Ke7 74. Rb6 Kf7 75. Ra6 Ke7 76. Kc4 Kf7 77. Kd5 Ke7 78. f4 Kf7 79. f5 Kg7 80. f6+ Kg6 81. Ke6 c4 82. f7 c3 83. Rc6 Kg5 84. Rxc3 1-0

[Event "Hull 4NCL GM Congress 2019"]
[Site "Hull"]
[Date "2019.11.01"]
[Round "4.4"]
[White "Turner, Matthew J"]
[Black "Palliser, Richard J D"]
[Result "1-0"]
[ECO "D00"]
[WhiteElo "2519"]
[BlackElo "2413"]
[Annotator "ChessBase"]
[PlyCount "49"]
[EventDate "2019.10.30"]
[EventType "tourn"]
[EventCountry "ENG"]
[SourceTitle "playchess.com"]
[Source "ChessBase"]
[SourceQuality "1"]
[TimeControl "5400+30"]

1. d4 Nf6 2. Nc3 d5 3. Bf4 e6 4. e3 Bb4 5. Nge2 O-O 6. a3 Bd6 7. g3 b6 8. Bg2 Bb7 9. O-O Be7 10. h3 Nh5 11. e4 Nxf4 12. Nxf4 dxe4 13. Nxe4 Nd7 14. Re1 Rb8 15. c3 Re8 16. Qe2 c5 17. Rad1 cxd4 18. cxd4 Bf8 19. Qb5 a6 20. Qb3 b5 21. h4 Qa5 22. Ng5 Bxg2 23. Kxg2 b4 24. d5 bxa3 25. Qc2 1-0

[Event "Hull 4NCL GM Congress 2019"]
[Site "Hull"]
[Date "2019.11.01"]
[Round "4.5"]
[White "Plat, Vojtech"]
[Black "Roberson, Peter T"]
[Result "1-0"]
[ECO "D37"]
[WhiteElo "2573"]
[BlackElo "2437"]
[Annotator "ChessBase"]
[PlyCount "185"]
[EventDate "2019.10.30"]
[EventType "tourn"]
[EventCountry "ENG"]
[SourceTitle "playchess.com"]
[Source "ChessBase"]
[SourceQuality "1"]
[TimeControl "5400+30"]

1. d4 Nf6 2. c4 e6 3. Nc3 Bb4 4. Qc2 O-O 5. Nf3 c5 6. e3 d5 7. dxc5 Bxc5 8. Bd3 dxc4 9. Bxc4 b6 10. O-O Bb7 11. Qe2 Nbd7 12. Ba6 Bxa6 13. Qxa6 Bb4 14. Bd2 Qc8 15. Qa4 Be7 16. Rac1 Qb7 17. Nd4 Rac8 18. b4 Rfd8 19. Rfd1 Ne5 20. Be1 a6 21. b5 axb5 22. Qxb5 Nc6 23. Nb3 Rxd1 24. Rxd1 Rd8 25. Rb1 Na7 26. Qe2 Nd5 27. h3 h6 28. f3 Nxc3 29. Bxc3 Qd5 30. Qb2 Bf8 31. Bd4 Nc8 32. Rc1 b5 33. e4 Qa8 34. Nc5 Nd6 35. Bf2 Nb7 36. Nxb7 Qxb7 37. Rb1 Qa6 38. Qe2 Rb8 39. Bg3 Rb7 40. Kh2 Bd6 41. f4 Qa4 42. Rd1 Be7 43. f5 Qc4 44. Qf3 Ra7 45. fxe6 Qxe6 46. Rd5 Rxa2 47. Rxb5 Ra8 48. Bf4 Re8 49. Re5 Qd7 50. Qg3 Bf8 51. Rd5 Qc6 52. Qd3 Qg6 53. Rd4 Qe6 54. Rc4 Rc8 55. Ra4 Re8 56. e5 g6 57. Ra6 Qf5 58. Qxf5 gxf5 59. Rf6 Bg7 60. Rxf5 Ra8 61. Kg3 Ra2 62. Kf3 Ra3+ 63. Kg4 Ra2 64. g3 Ra4 65. Kh5 Ra6 66. g4 Re6 67. Kh4 Rc6 68. Kg3 Rc3+ 69. Kg2 Rb3 70. Rh5 Kh7 71. h4 Kg6 72. Rf5 Rb7 73. Kf3 Re7 74. Bg3 Rb7 75. Bf2 Rb3+ 76. Be3 Bf8 77. e6 f6 78. h5+ Kg7 79. Rd5 Be7 80. Rd7 Kf8 81. Ke4 Rb4+ 82. Rd4 Rb6 83. Bxh6+ Ke8 84. Kf5 Rb5+ 85. Kg6 Re5 86. Ra4 Rxe6 87. Bg7 f5+ 88. Kxf5 Kf7 89. Be5 Rc6 90. Ra7 Rc1 91. Bd6 Rf1+ 92. Ke4 Re1+ 93. Kf3 1-0

[Event "Hull 4NCL GM Congress 2019"]
[Site "Hull"]
[Date "2019.11.02"]
[Round "6.1"]
[White "Merry, Alan B"]
[Black "Gonda, Laszlo"]
[Result "1/2-1/2"]
[ECO "A16"]
[WhiteElo "2426"]
[BlackElo "2541"]
[Annotator "ChessBase"]
[PlyCount "46"]
[EventDate "2019.10.30"]
[EventType "tourn"]
[EventCountry "ENG"]
[SourceTitle "playchess.com"]
[Source "ChessBase"]
[SourceQuality "1"]
[TimeControl "5400+30"]

1. c4 b6 2. Nc3 Bb7 3. e4 Nf6 4. d3 d6 5. g3 c5 6. Bg2 g6 7. Nge2 Bg7 8. O-O Nc6 9. h3 O-O 10. Be3 Rc8 11. Qd2 Ne8 12. f4 Nc7 13. f5 Ne5 14. g4 e6 15. Nf4 Qd7 16. Rae1 Rfe8 17. b3 b5 18. Rf2 a5 19. a4 bxa4 20. Nxa4 Rb8 21. f6 Bxf6 22. Nxg6 fxg6 23. Rxf6 Rf8 1/2-1/2

[Event "Hull 4NCL GM Congress 2019"]
[Site "Hull"]
[Date "2019.11.02"]
[Round "6.5"]
[White "Roberson, Peter T"]
[Black "Palliser, Richard J D"]
[Result "1/2-1/2"]
[ECO "B22"]
[WhiteElo "2437"]
[BlackElo "2413"]
[Annotator "NA"]
[PlyCount "41"]
[EventDate "2019.10.30"]
[EventType "tourn"]
[EventCountry "ENG"]
[SourceTitle "playchess.com"]
[Source "ChessBase"]
[SourceQuality "1"]
[TimeControl "5400+30"]

1. e4 c5 2. c3 Nf6 3. e5 Nd5 4. Bc4 Nb6 5. Bb3 Nc6 6. d4 cxd4 7. cxd4 d6 8. e6 fxe6 9. Nf3 g6 10. Nc3 Bg7 11. h4 e5 12. dxe5 Nxe5 13. Ng5 Bf5 14. Be6 h6 15. Bxf5 hxg5 16. Be6 Nbd7 17. Bxg5 Nc5 18. Qd5 Nxe6 19. Qxe6 Qd7 20. Qd5 e6 21. Qd1 1/2-1/2

[Event "Hull 4NCL GM Congress 2019"]
[Site "Hull"]
[Date "2019.11.02"]
[Round "7.2"]
[White "Greet, Andrew N"]
[Black "Roberson, Peter T"]
[Result "1/2-1/2"]
[ECO "D37"]
[WhiteElo "2414"]
[BlackElo "2437"]
[Annotator "RC"]
[PlyCount "67"]
[EventDate "2019.10.30"]
[EventType "tourn"]
[EventCountry "ENG"]
[SourceTitle "playchess.com"]
[Source "ChessBase"]
[SourceQuality "1"]
[TimeControl "5400+30"]

1. Nf3 Nf6 2. c4 e6 3. d4 d5 4. e3 Be7 5. Bd3 O-O 6. O-O dxc4 7. Bxc4 c5 8. Nc3 a6 9. dxc5 Bxc5 10. Qe2 b5 11. Bd3 Bb7 12. e4 Nbd7 13. Bf4 Nh5 14. Be3 Bxe3 15. Qxe3 Qb6 16. Rfe1 Qxe3 17. Rxe3 Nf4 18. Bf1 Rfd8 19. Rd1 Nb6 20. Rxd8+ Rxd8 21. g3 Ng6 22. Rd3 Rxd3 23. Bxd3 Kf8 24. b4 Ke7 25. Kf1 Kd6 26. Ke2 e5 27. Nd2 Nf8 28. Nb3 Ne6 29. Ke3 g5 30. Be2 Bc8 31. Nd1 Nc7 32. Nc5 Ne6 33. Nb3 Nc7 34. Nc5 1/2-1/2

[Event "Hull 4NCL GM Congress 2019"]
[Site "Hull"]
[Date "2019.11.03"]
[Round "9.1"]
[White "Greet, Andrew N"]
[Black "Merry, Alan B"]
[Result "1-0"]
[ECO "A47"]
[WhiteElo "2414"]
[BlackElo "2426"]
[Annotator "RC"]
[PlyCount "89"]
[EventDate "2019.10.30"]
[EventType "tourn"]
[EventCountry "ENG"]
[SourceTitle "playchess.com"]
[Source "ChessBase"]
[SourceQuality "1"]
[TimeControl "5400+30"]

1. d4 Nf6 2. Nf3 b6 3. Bg5 Bb7 4. Nbd2 g6 5. Bxf6 exf6 6. g3 Bg7 7. Bg2 O-O 8. O-O f5 9. e3 c5 10. c3 d5 11. Ne1 Nd7 12. Nd3 Rc8 13. dxc5 bxc5 14. c4 Nb6 15. cxd5 Bxd5 16. Bxd5 Qxd5 17. Nf4 Qe5 18. Rb1 Rfd8 19. Qc2 c4 20. Nf3 Qa5 21. b4 cxb3 22. Qxb3 Rc3 23. Qb5 Qxb5 24. Rxb5 Ra3 25. Rc1 Rxa2 26. h4 h6 27. Rc7 Rd7 28. Rxd7 Nxd7 29. h5 Nf8 30. Rb8 Rb2 31. Ra8 g5 32. Nd5 Rb7 33. Nd4 Bxd4 34. exd4 Kg7 35. Ne3 f4 36. Nf5+ Kf6 37. g4 Nd7 38. Nxh6 Kg7 39. Nf5+ Kh7 40. Nd6 Rb1+ 41. Kg2 Nf6 42. Rxa7 Nxg4 43. Nxf7 Nf6 44. Ne5+ Kh6 45. Ra6 1-0